 Dungeon Crawl Stone Soup version 0.28-a0-114-g2bf3c13a2f (webtiles) character file.

Game seed: 11299944239612761548

640 sraybest the Grappler (level 7, -1/66 HPs)
             Began as a Troll Fighter on Aug 12, 2021.
             Killed by divine providence
             ... invoked by an orc priest
              (13 damage)
             ... on level 4 of the Dungeon.
             The game lasted 00:07:27 (2454 turns).

sraybest the Grappler (Troll Fighter)               Turns: 2454, Time: 00:07:27

Health: -1/66      AC:  5    Str: 27    XL:     7   Next: 26%
Magic:  6/6        EV:  7    Int:  4    God:
Gold:   189        SH:  9    Dex:  9    Spells: 6/6 levels left

rFire   . . .      SeeInvis .     - Unarmed
rCold   . . .      Faith    .   b - +0 kite shield
rNeg    . . .      Spirit   .   a - +0 robe
rPois   .          Reflect  .   (helmet restricted)
rElec   .          Harm     .   i - +0 cloak
rCorr   .          Rampage  .   (gloves unavailable)
Will    .....                   (boots unavailable)
Stlth   +.........              (no amulet)
HPRegen 1.21/turn               (no ring)
MPRegen 0.10/turn               (no ring)

@: unable to read
A: large, unfitting armour, claws 3, regeneration 1, shaggy fur 1, tough skin 1,
horns 1, clumsy 1, strong 1, inability to read while threatened
a: no special abilities


You were on level 4 of the Dungeon.
You visited 1 branch of the dungeon, and saw 4 of its levels.

You collected 189 gold pieces.

Inventory:

Armour
 a - a +0 robe (worn)
 b - a +0 kite shield (worn)
 i - a +0 cloak (worn)
Scrolls
 e - a scroll of fog
 g - 3 scrolls of noise
 h - 2 scrolls of identify
 j - a scroll of teleportation {unknown}
Potions
 c - 2 potions of might
 d - 3 potions of curing
 f - 3 potions of cancellation


   Skills:
 - Level 2.4 Fighting
 - Level 2.4 Dodging
 - Level 2.4 Shields
 + Level 8.2 Unarmed Combat


You had 6 spell levels left.
You didn't know any spells.
Your spell library contained the following spells:

 Spells                   Type           Power      Damage    Failure   Level
 Shock                    Conj/Air       0%         1d3       93%         1
 Slow                     Hex            0%         N/A       98%         2
 Confusing Touch          Hex            0%         N/A       100%        3
 Swiftness                Air            0%         N/A       100%        3
 Vampiric Draining        Necr           0%         2d6       100%        3
 Airstrike                Air            0%         N/A       100%        4
 Yara's Violent Unravell  Hex/Tmut       0%         3d3       100%        5


Dungeon Overview and Level Annotations

Branches:
Dungeon (4/15)
 Temple: D:4-7

Altars:
Cheibriados
Dithmenos
The Shining One

Annotations:
D:4 Grinder, Sigmund


Innate Abilities, Weirdness & Mutations

You are too large for most types of armour.
You have claws for hands.
Your natural rate of healing is unusually fast.
You are covered in fur. (AC +1)
You have tough skin. (AC +1)
You have a pair of small horns on your head.
You are clumsy. (Dex -2)
Your muscles are strong. (Str +2)
You sometimes lose the ability to read scrolls when taking damage.


Message History

The gnoll shouts!
You claw Grinder!
Grinder is moderately wounded.
You completely miss Grinder.
Grinder is moderately wounded.
Grinder gestures at you.
You suddenly lose the ability to move!
Grinder hits you but does no damage.
An orc priest comes into view. It is wielding a +0 hand axe.
Grinder hits you.
You writhe in agony.
Grinder hits you.
You writhe in agony.
Grinder hits you but does no damage.
The orc shouts!
The gnoll hits you with a +0 flail. Grinder hits you.
You writhe in agony.
You feel threatened and lose the ability to read scrolls!
You can move again.
You scratch Grinder.
Grinder is heavily wounded.
The gnoll hits you with a +0 flail.
An orc comes into view. It is wielding a +0 trident.
Grinder gestures at you.
You shrug off the repeated paralysis!
The orc shouts!
You mangle Grinder!!
Grinder is almost dead.
The orc barely misses you. The gnoll barely misses you.
Grinder says, "Just stop there for a second..."
Grinder hits you.
You writhe in agony.
The orc hits you with a +0 club.
You scratch Grinder.
Grinder is almost dead.
The gnoll hits you with a +0 flail! You block Grinder's attack.
The orc barely misses you.
You closely miss Grinder.
Grinder is almost dead.
Sigmund the Dreaded comes into view.
He is wielding a +0 scythe of protection and wearing a +1 robe of willpower.
The gnoll hits you with a +0 flail!
* * * LOW HITPOINT WARNING * * *
You block Grinder's attack.
The orc priest mumbles some strange prayers to Beogh against you.
Beogh smites you!
You die...

.≈≈≈.# .≈≈≈.# ... .≈≈###+# ..o.
P≈≈#...#############'''' ##
.≈≈#.oo#.........:.........).....
.≈≈#####≈≈≈≈≈≈≈≈≈≈≈o....≈≈≈≈≈≈≈≈≈
.≈≈≈≈≈≈≈≈≈≈≈≈≈≈≈≈≈≈≈....≈≈≈≈≈≈≈≈≈
.≈≈≈≈≈≈≈≈≈≈≈≈≈≈≈o≈≈≈....≈≈≈≈≈≈≈≈≈
...............5@go..............
#######>.........................
########.#######.@......... #.#
#.........##†## #.#
#.........##.## #'#
#.........##..# ...
#.........###.# ...
.#......)..#.... ...........#.#.#


You could see Grinder, Sigmund (wandering), an orc priest, a gnoll and 3 orcs.

Vanquished Creatures
  Menkaure (D:4)
  Duvessa (D:4)
  An ogre (D:4)
  Dowan (D:4)
  2 howler monkeys (D:4)
  An iguana (D:4)
  An orc wizard (D:4)
  2 gnolls (D:4)
  5 adders
  An ufetubus (D:4)
  2 dart slugs (D:2)
  2 orcs (D:4)
  12 ball pythons
  3 endoplasms
  2 giant cockroaches (D:3)
  6 goblins
  4 hobgoblins
  13 jackals (D:4)
  12 kobolds
  5 quokkas
  6 bats
  2 frilled lizards
  3 rats (D:1)
88 creatures vanquished.

Vanquished Creatures (others)
  A plant (D:4)
1 creature vanquished.

Grand Total: 89 creatures vanquished

Notes
Turn   | Place    | Note
-------+----------+-------------------------------------------
     0 | D:1      | sraybest the Troll Fighter began the quest for the Orb.
     0 | D:1      | Reached XP level 1. HP: 22/22 MP: 0/0
   167 | D:1      | Reached XP level 2. HP: 29/29 MP: 1/1
   266 | D:1      | Reached skill level 3 in Unarmed Combat
   368 | D:1      | Gained mutation: You sometimes lose the ability to read
                  | scrolls when taking damage. [potion of mutation]
   368 | D:1      | Gained mutation: You are clumsy. (Dex -2) [potion of
                  | mutation]
   368 | D:1      | Gained mutation: You have a pair of small horns on your
                  | head. [potion of mutation]
   368 | D:1      | Gained mutation: Your muscles are strong. (Str +2) [potion
                  | of mutation]
   581 | D:2      | Found a glowing golden altar of the Shining One.
   658 | D:2      | Reached XP level 3. HP: 36/36 MP: 2/2
   758 | D:2      | Reached skill level 4 in Unarmed Combat
  1025 | D:2      | Reached XP level 4. HP: 44/44 MP: 3/3
  1125 | D:3      | Found a snail-covered altar of Cheibriados.
  1248 | D:3      | Found a faded altar of an unknown god.
  1802 | D:4      | Found a shadowy altar of Dithmenos.
  1851 | D:4      | Reached skill level 5 in Unarmed Combat
  1862 | D:4      | Reached XP level 5. HP: 48/50 MP: 4/4
  1936 | D:4      | Noticed Dowan
  1937 | D:4      | Noticed Duvessa
  1939 | D:4      | Noticed Menkaure
  1949 | D:4      | Killed Duvessa
  1950 | D:4      | Reached skill level 6 in Unarmed Combat
  1950 | D:4      | Reached XP level 6. HP: 59/59 MP: 5/5
  1951 | D:4      | Killed Dowan
  1953 | D:4      | Killed Menkaure
  1954 | D:4      | Reached skill level 7 in Unarmed Combat
  2029 | D:4      | Reached XP level 7. HP: 35/66 MP: 6/6
  2155 | D:4      | Reached skill level 8 in Unarmed Combat
  2416 | D:4      | Noticed Grinder
  2446 | D:4      | Paralysed by Grinder for 5 turns
  2454 | D:4      | Noticed Sigmund
  2454 | D:4      | Killed from afar by an orc priest

Illustrated notes

Levels and vault maps discovered:
D:1:      roderic_octagonal_star, layout_rooms
D:2:      minmay_chambers_of_ones, layout_loops_ring, basic_altar
D:3:      layout_loops_cross, mainiacjoe_overflow_catwalk,
          hellmonk_ecumenical_altar_zigzags, minmay_misc_feat_five,
          chequers_serial_rivers_room_b
D:4:      lemuel_castle_with_subvaults [lemuel_castle_interior_original],
          layout_basic, old_standard_altar, chequers_serial_rivers_micro_a,
          uniq_grinder, uniq_sigmund, uniq_menkaure, uniq_duvessa

Skill      XL: |  1  2  3  4  5  6  7 |
---------------+----------------------+-----
Unarmed Combat | 3 4 5 6 7 8 |  8.2
Fighting       | |  2.4
Dodging        | |  2.4
Shields        | |  2.4

Action                   |  1- 3 |  4- 6 |  7- 9 || total
-------------------------+-------+-------+-------++-------
Melee: Unarmed           |    70 |    84 |    37 ||   191
       Headbutt          |     1 |    11 |     2 ||    14
  Use: Scroll            |     3 |     2 |       ||     5
       Potion            |     2 |     1 |       ||     3
Armor: Robe              |    22 |    27 |    12 ||    61
       Skin              |       |     2 |       ||     2
Dodge: Dodged            |    21 |    23 |     8 ||    52
Block: Kite shield       |    29 |    34 |    19 ||    82

Table legend: (Time is in decaauts)
 A = Elapsed time spent in this place.
 B = Non-inter-level travel time spent in this place.
 C = Inter-level travel time spent in this place.
 D = Time resting spent in this place.
 E = Time spent auto-exploring this place.
 F = Levels seen in this place.
 G = Mean time per level.
                   A        B        C        D        E       F      G
               +--------+--------+--------+--------+--------+-----+--------+
         Total |   2484 |   2400 |     84 |      2 |   1868 |   4 |  621.0 |
       Dungeon |   2484 |   2400 |     84 |      2 |   1868 |   4 |  621.0 |
               +--------+--------+--------+--------+--------+-----+--------+

Top non-repeatable levels by time:
     D:4: 678 daAuts
     D:3: 672 daAuts
     D:2: 625 daAuts
     D:1: 508 daAuts
